AoeStats
← _vishi_

Black Forest

510096580Analyzed
4v4 RM · 1d ago on Sep 29, 2026· 25m 13s· 8 players
Game mode
Random Map
Map size
Large (8 player)
Population
200
Speed
Normal
Resources
Standard
Victory
Conquest
Starting age
Dark Age
Ending age
Imperial Age
RankedLock teamsTeams togetherTeam positionsShared explorationLock speedFull tech treeHidden civsTurbo modeCheats
Victory
Defeat
🇭🇰 Hindustanis · Hong Kong SAR China
1531
+9
🇨🇳 Jurchens · China
1490
+11
🇨🇳 Bohemians · China
1355
+16
🇨🇳 Khmer · China
1235
+22
🇮🇳 Britons · India
1390
-15
🇨🇳 Malay · China
1371
-15
🇨🇳 Khmer · China
1291
-11
icu monster
1:13 Loom
14:55 Feudal Age
18:10 Castle Age
16:05 Horse Collar
16:26 Double-Bit Axe
17:15 Gold Mining
18:28 Wheelbarrow
18:37 Husbandry
19:07 Heavy Plow
22:55 Wheelbarrow
23:57 Scale Barding Armor
24:03 Forging
26:04 Iron Casting
休眠玩家 精锐条顿骑士 一步杀十人
5:09 Loom
11:54 Feudal Age
15:54 Castle Age
13:50 Double-Bit Axe
14:18 Horse Collar
15:02 Gold Mining
17:11 Heavy Plow
17:56 Bow Saw
22:21 Wheelbarrow
23:41 Hand Cart
24:33 Town Watch
25:41 Gold Shaft Mining
_vishi_
11:09 Feudal Age
13:06 Double-Bit Axe
15:34 Castle Age
13:24 Horse Collar
15:30 Wheelbarrow
16:25 Bow Saw
16:37 Heavy Plow
打咩哟~
0:29 Loom
12:24 Feudal Age
12:28 Feudal Age
16:00 Castle Age
15:11 Horse Collar
16:15 Double-Bit Axe
18:37 Wheelbarrow
25:41 Bloodlines
QvQ5681
10:49 Feudal Age
11:17 Feudal Age
12:08 Double-Bit Axe
15:00 Castle Age
12:51 Horse Collar
13:09 Loom
15:35 Light Cavalry
19:48 Loom
20:49 Wheelbarrow
21:27 Bow Saw
22:07 Heavy Plow
23:11 Hand Cart
23:31 Stone Mining
23:32 Gold Mining
24:28 Husbandry
24:59 Bloodlines
25:39 Scale Barding Armor
一只菜鸡懒狗
0:52 Loom
11:39 Feudal Age
18:07 Horse Collar
25:23 Wheelbarrow
南橙
1:04 Loom
11:01 Feudal Age
14:49 Castle Age
13:04 Double-Bit Axe
13:27 Horse Collar
16:46 Bow Saw
17:17 Heavy Plow
21:28 Wheelbarrow
23:31 Fervor
25:11 Man-at-Arms
橙
7:25 Loom
11:16 Feudal Age
12:17 Horse Collar
12:24 Double-Bit Axe
15:12 Castle Age
17:06 Heavy Plow
17:46 Wheelbarrow
19:25 Bow Saw
23:40 Gold Mining
Connection lost

Rejoining the realm…

Still unreachable

The connection could not be restored.

Session expired

The server has moved on; the page needs a fresh start.